 Dungeon Crawl Stone Soup version 0.12.3 (console) character file.

2706 Lightli the Practitioner (level 9, 0/51 HPs)
             Began as a Kobold Priest on Aug 21, 2022.
             Was a Believer of Elyvilon.
             Killed from afar by an orc wizard (9 damage)
             ... with a magic dart
             ... on Level 8 of the Dungeon.
             The game lasted 00:24:57 (10663 turns).

Lightli the Practitioner (Kobold Priest)           Turns: 10663, Time: 00:24:58

HP   0/51        AC  5     Str 12      XL: 9   Next: 77%
MP  19/23        EV 17     Int 10      God: Elyvilon [**....]
Gold 270         SH  0     Dex 17      Spells:  0 memorised,  8 levels left

Res.Fire  : . . .   See Invis. : .   y - +1 whip (flame)
Res.Cold  : + + .   Warding    : .   B - +0 leather armour {rC+}
Life Prot.: . . .   Conserve   : .   (no shield)
Res.Poison: +       Res.Corr.  : .   (no helmet)
Res.Elec. : .       Clarity    : .   (no cloak)
Sust.Abil.: . .     Spirit.Shd : .   (no gloves)
Res.Mut.  : .       Stasis     : .   e - +1 pair of elf boots
Res.Rott. : .       Ctrl.Telep.: .   (no amulet)
Saprovore : + + .   Flight     : .   A - ring of protection from cold
                                     o - ring of poison resistance

@: slightly resistant to hostile enchantments, fairly stealthy
A: disease resistance, carnivore 3, saprovore 2
a: Lesser Healing, Lesser Self-Healing, Divine Protection, Purification,
Renounce Religion


You were on level 8 of the Dungeon.
You worshipped Elyvilon.
Elyvilon was most pleased with you.
You were not hungry.

You visited 2 branches of the dungeon, and saw 9 of its levels.

You collected 260 gold pieces.
You donated 10 gold pieces.

Inventory:

Hand weapons
 a - a +0,+1 quarterstaff
 g - a +1,+0 morningstar
 l - a +2,+2 spear of venom (quivered)
 x - a +0 blowgun
 y - a +1,+1 whip of flaming (weapon)
Missiles
 z - 4 poisoned needles
Armour
 e - a +1 pair of elven boots (worn)
 B - a +0 leather armour of cold resistance (worn)
Magical devices
 s - a wand of slowing (5)
Comestibles
 c - 5 meat rations
Scrolls
 j - a scroll of enchant weapon II
 t - 5 scrolls of remove curse
Jewellery
 h - an uncursed ring of sustain abilities
 i - an uncursed ring of protection from fire {unknown}
 o - a ring of poison resistance (left hand)
 A - a ring of protection from cold (right hand)
Potions
 b - a potion of invisibility
 d - a potion of cure mutation {unknown}
 m - a potion of agility
 n - a potion of heal wounds
 p - a potion of resistance
 u - 2 potions of might {unknown}
 w - a potion of curing {unknown}
 C - 2 potions of restore abilities {unknown}


   Skills:
 - Level 4.1 Fighting
 - Level 2.6 Maces & Flails
 - Level 2.6 Staves
 - Level 6.0 Dodging
 + Level 11.6 Invocations


You had 8 spell levels left.
You didn't know any spells.

Dungeon Overview and Level Annotations

Branches:
Dungeon (8/27)             Temple (1/1) D:6
    Orc: D:6-11        Lair: D:8-13

Altars:
Ashenzari
Cheibriados
Elyvilon
Fedhas
Kikubaaqudgha
Makhleb
Nemelex Xobeh
Okawaru
Sif Muna
Trog
Vehumet
Xom
Yredelemnul
Zin
the Shining One

Annotations
D:3 Crazy Yiuf
D:8 Joseph, Maurice


Innate Abilities, Weirdness & Mutations

You recuperate from illness quickly.
You are small and have problems with some larger weapons.
You are carnivorous and can eat meat at any time.
You can eat rotten meat.


Message History

Press: ? - help, Dir - move target cursor, f/p - orc warrior Heal: an orc warrior, wielding an orcish battleaxe and wearing an orcish chain mail (moderately wounded)
The light of Elyvilon almost touches upon the orc warrior.
You feel somewhat more hungry.
The orc warrior hits you with an orcish battleaxe!
* * * LOW HITPOINT WARNING * * *
Unknown command.
Read which item? (? for menu, Esc to quit)
Okay, then.
Read which item? (? for menu, Esc to quit)
As you read the scroll of fear, it crumbles to dust.
You assume a fearsome visage.
The orc looks frightened!
The orc warrior looks frightened!
Something tries to affect you, but you resist.
The orc warrior mumbles, "Damn and blast!"
Eat which item? (? for menu, Esc to quit)
You continue eating.
You finish eating.
That beef jerky was delicious!
The magic dart hits you!
You die...

#.#.#................###......
#.#.#.......^.................
#.#+#...^.^^........##........
#..........^..^....###........
#........^...^.....###....#...
####.....^.^........^^.##....#...
...).........^..^...............>
...#...<......^......#######.#...
...####.##......@.(^.......#.####
...+ ..##........#.####.##.. ..
...# ..............# #.#######
#### #.##.######.### #........ #.
#.######.# ########. #.
#..{.....# #. #.##..####### #. ##
#....# #. .. #...## #.


There were no monsters in sight!

Vanquished Creatures
  Pikel (D:4)
  A merfolk (D:7)
  2 wyvern skeletons
  An ice beast (D:5)
  An ogre (D:7)
  A hippogriff zombie (D:8)
  A centaur (D:6)
  3 phantoms
  A giant frog (D:7)
  A water moccasin zombie (D:6)
  A crimson imp (D:5)
  A big fish (D:7)
  An iguana (D:6)
  3 hounds
  An orc wizard (D:7)
  4 worker ants
  Jessica (D:3)
  A jelly (D:5)
  Terence (D:3)
  9 adders
  A giant mite (D:1)
  An inept feature mimic (D:6)
  4 worms
  5 giant geckos
  19 orcs
  4 giant cockroaches
  8 hobgoblins
  14 jackals
  A quokka (D:2)
  2 ball pythons (D:1)
  15 bats
  2 giant newts
  13 goblins
  20 kobolds
  A kobold zombie (D:5)
  An orc skeleton (D:5)
  An orc zombie (D:6)
  10 rats
  A rat zombie (D:5)
159 creatures vanquished.

Vanquished Creatures (others)
  A human (D:6)
  An orc priest (D:5)
  6 gnolls (D:7)
  3 orcs (D:8)
  A goblin (D:5)
  A hobgoblin (D:8)
  A giant gecko (D:4)
  A kobold (D:7)
  A plant (D:1)
16 creatures vanquished.

Grand Total: 175 creatures vanquished

Notes
Turn   | Place    | Note
--------------------------------------------------------------
     0 | D:1      | Lightli, the Kobold Priest, began the quest for the Orb.
     0 | D:1      | Reached XP level 1. HP: 12/12 MP: 2/2
    43 | D:1      | Reached XP level 2. HP: 7/17 MP: 4/4
   392 | D:1      | Reached XP level 3. HP: 18/22 MP: 6/6
  1295 | D:2      | HP: 1/22 [giant gecko (3)]
  1608 | D:2      | Reached XP level 4. HP: 28/28 MP: 8/8
  2630 | D:2      | Reached XP level 5. HP: 26/32 MP: 10/10
  2803 | D:3      | Noticed Jessica
  2815 | D:3      | Killed Jessica
  3185 | D:3      | Noticed Terence
  3189 | D:3      | Killed Terence
  3320 | D:3      | Noticed a phantom
  3357 | D:3      | Killed a phantom
  3357 | D:3      | Reached skill level 5 in Dodging
  3357 | D:3      | Reached XP level 6. HP: 28/37 MP: 12/12
  3472 | D:3      | Noticed Crazy Yiuf
  3902 | D:4      | Reached skill level 6 in Dodging
  4088 | D:4      | Acquired Zin's second power
  4132 | D:4      | Noticed Pikel
  4256 | D:4      | Noticed a slave
  4256 | D:4      | Noticed a slave
  4348 | D:4      | Killed Pikel
  4348 | D:4      | Reached skill level 8 in Invocations
  4348 | D:4      | Reached XP level 7. HP: 16/41 MP: 13/17
  4348 | D:4      | Reached XP level 8. HP: 18/47 MP: 13/18
  4394 | D:4      | Noticed a freed slave
  4448 | D:4      | Noticed a freed slave
  4663 | D:5      | Entered Level 5 of the Dungeon
  5275 | D:5      | Reached skill level 9 in Invocations
  5535 | D:5      | Got a transparent flail
  5536 | D:5      | Identified the cursed flail of the Two Names {crush, +Inv} (You found it on level 5 of the Dungeon)
  6693 | D:6      | Found an ancient bone altar of Kikubaaqudgha.
  6694 | D:6      | Noticed a human
  6697 | D:6      | Killed a human
  6841 | D:6      | Reached skill level 10 in Invocations
  6841 | D:6      | Reached XP level 9. HP: 31/51 MP: 22/22
  7073 | D:6      | Found a staircase to the Ecumenical Temple.
  7089 | Temple   | Entered the Ecumenical Temple
  7139 | Temple   | Fell from the grace of Zin
  7139 | Temple   | Became a worshipper of Elyvilon the Healer
  7185 | D:6      | Acquired Elyvilon's first power
  8139 | D:7      | Found a shattered altar of Ashenzari.
  8294 | D:7      | Found a deep blue altar of Sif Muna.
  8525 | D:7      | Elyvilon protects you from harm!
  8529 | D:7      | Reached skill level 11 in Invocations
  9033 | D:8      | Noticed Joseph
  9462 | D:8      | Noticed Maurice
 10379 | D:8      | Acquired Elyvilon's second power
 10647 | D:8      | Elyvilon protects you from harm!
 10663 | D:8      | Killed from afar by an orc wizard

Action                   |  1- 3 |  4- 6 |  7- 9 || total
-------------------------+-------+-------+-------++-------
Melee: Quarterstaff      |   115 |   212 |   307 ||   634
       Flail             |       |       |    22 ||    22
       Whip              |       |       |    55 ||    55
       Spear             |       |       |    47 ||    47
 Fire: Blowgun           |       |     9 |     9 ||    18
Throw: Spear             |       |       |     1 ||     1
Invok: Recite            |       |       |     2 ||     2
       Lesser Healing    |       |       |    52 ||    52
       Lesser Self-Heali |       |       |     4 ||     4
Evoke: Wand              |       |     4 |    13 ||    17
  Use: Scroll            |     3 |     4 |    23 ||    30
       Potion            |       |     1 |     2 ||     3
 Stab: Sleeping          |     2 |     6 |     7 ||    15
